 Dungeon Crawl Stone Soup version 0.31-a0-358-gac0dbeb3ab (webtiles) character file.

Game seed: 16617276577342665725

746 AdnanSaban the Shield-Bearer (level 7, -16/44 HPs)
             Began as a Gargoyle Fighter on July 25, 2023.
             Was an Initiate of Okawaru.
             Demolished by a two-headed ogre
             ... wielding a +0 giant spiked club
              (21 damage)
             ... on level 6 of the Dungeon.
             The game lasted 00:04:42 (4878 turns).

AdnanSaban the Shield-Bearer (Gargoyle Fighter)     Turns: 4878, Time: 00:04:42

Health: -16/44     AC: 15    Str: 28    XL:     7   Next: 77%
Magic:  7/7        EV:  8    Int: 11    God:    Okawaru [......]
Gold:   153        SH: 12    Dex:  9    Spells: 6/6 levels left

rFire   . . .        a - +0 flail
rCold   . . .        n - +0 tower shield
rNeg    + . .        b - +0 scale mail
rPois   ∞            m - +0 helmet of an ice cave {Int+3}
rElec   +            (no cloak)
rCorr   .            g - +0 pair of gloves
SInv    .            s - +0 pair of boots
Will    .....        (no amulet) Stlth
                     f - +6 ring of strength
HPRegen 0.27/turn    (no ring)
MPRegen 0.10/turn

%: no passive effects
@: no status effects
A: sickness immunity, AC +4, negative energy resistance 1, electricity
resistance, torment resistance 1, petrification resistance
a: Renounce Religion


You were on level 6 of the Dungeon.
You worshipped Okawaru.
Okawaru was noncommittal.
You visited 1 branch of the dungeon, and saw 6 of its levels.

You collected 153 gold pieces.

Inventory:

Hand Weapons
 a - a +0 flail (weapon)
Armour
 b - a +0 scale mail (worn)
 g - a +0 pair of gloves (worn)
 m - the +0 helmet of an ice cave (worn) {Int+3}
   (You took it off Robin on level 3 of the Dungeon)

   Int:       It affects your intelligence (+3).
 n - a +0 tower shield (worn)
 s - a +0 pair of boots (worn)
Jewellery
 e - a +6 ring of intelligence
 f - a +6 ring of strength (left hand)
Wands
 k - a wand of iceblast (9)
 l - a wand of flame (10)
Scrolls
 h - a scroll of enchant armour {unknown}
 i - 2 scrolls of teleportation {unknown}
 j - 5 scrolls of identify {unknown}
 p - a scroll of noise {unknown}
 r - a scroll of vulnerability {unknown}
 x - a scroll of amnesia {unknown}
 y - a scroll of silence {unknown}
Potions
 c - a potion of brilliance {unknown}
 d - 2 potions of might
 o - a potion of resistance {unknown}
 t - 2 potions of mutation {unknown}
 u - 2 potions of attraction {unknown}
 v - 2 potions of degeneration {unknown}
 w - a potion of lignification {unknown}


   Skills:
 + Level 4.7 Fighting
 + Level 5.5 Maces & Flails
 + Level 4.7 Armour
 + Level 1.5 Dodging
 + Level 5.5 Shields


You had 6 spell levels left.
You didn't know any spells.
Your spell library contained the following spells:

 Spells                   Type           Power      Damage    Failure   Level
 Ignite Poison            Fire/Tmut/Pois 0%         N/A       100%        3
 Stone Arrow              Conj/Erth      0%         3d7       100%        3
 Freezing Cloud           Conj/Ice/Air   0%         6-21      100%        5
 Lehudib's Crystal Spear  Conj/Erth      0%         10d2      100%        8
 Cigotuvi's Dreadful Rot  Necr/Pois/Air  Unusable   N/A       N/A         2
 Animate Armour           Summ/Erth      Unusable   N/A       N/A         4

Dungeon Overview and Level Annotations

Branches:
Dungeon (6/15)             Temple (0/1) D:6

Altars:
Hepliaklqana
Okawaru
Qazlal

Shops:
D:1 =   D:2 (

Annotations:
D:4 3 runed translucent doors, MrAu's ghost, novice FoFi; andwaal's ghost, novice DsMo


Innate Abilities, Weirdness & Mutations

You are immune to sickness and miasma.
Your stone body is resilient. (AC +4)
You are immune to poison.
You resist negative energy. (rN+)
You are resistant to electric shocks. (rElec)
You are resistant to unholy torment.
You are immune to petrification.


Message History

There is a stone staircase leading up here.
You climb upwards.
There is a stone staircase leading down here.
You start resting.
HP restored.
There is an escape hatch in the ceiling here.
There is a stone staircase leading down here.
You climb downwards.
There is a stone staircase leading up here.
There is a stone staircase leading down here.
Found a quarterstaff.
There is an open door here.
There is an open door here.
You throw a poisoned dart.
The poisoned dart hits the two-headed ogre.
You throw a poisoned dart.
The poisoned dart hits the two-headed ogre.
The two-headed ogre is poisoned.
There is a stone staircase leading down here.
There is a stone staircase leading up here.
Nothing quivered!
Okay, then.
You barely miss the two-headed ogre.
The two-headed ogre is lightly wounded.
The two-headed ogre hits you with a +0 giant spiked club!!
Ouch! That really hurt!
You block the two-headed ogre's attack.
You are too injured to fight recklessly!
You are too injured to fight recklessly!
You hit the two-headed ogre.
The two-headed ogre is lightly wounded.
The two-headed ogre hits you with a +0 giant spiked club.
The two-headed ogre hits you with a +0 giant spiked club!
* * * LOW HITPOINT WARNING * * *
You bludgeon the two-headed ogre!!
The two-headed ogre is heavily wounded.
The two-headed ogre closely misses you. You block the two-headed ogre's attack.
The two-headed ogre attacks as you move away!
The two-headed ogre hits you with a +0 giant spiked club!!
You die...

#...........
#.........#.
#.$.........
##..##+##..#
#####+### #..##.##..#
#.......#
....#.......
#.......# ...
#....... #......#
..#....... ##...@..#
..######'# #....O..#
)..##.....# ##..##..#
....##......
#..##..##....##......
#............##...#..
#....(.......##...###
#..##(.########....#
##..##..####..##....#
#...#......O........#


You could see a two-headed ogre (poisoned).

Vanquished Creatures
  A water moccasin (D:6)
  2 phantoms (D:5)
  A scorpion (D:4)
  A howler monkey (D:5)
  2 orc priests
  2 hounds
  A jelly (D:5)
  A sleepcap (D:4)
  An orc wizard (D:5)
  Robin (D:3)
  4 adders
  3 gnolls (D:4)
  A shadow imp (D:4)
  2 worms
  9 orcs
  11 bats
  7 endoplasms
  5 giant cockroaches
  14 goblins
  8 hobgoblins
  2 jackals (D:5)
  8 kobolds
  3 quokkas
  7 ball pythons
  4 frilled lizards
  3 rats
104 creatures vanquished.

Notes
Turn   | Place    | Note
-------+----------+-------------------------------------------
     0 | D:1      | AdnanSaban the Gargoyle Fighter began the quest for the
                  | Orb.
     0 | D:1      | Reached XP level 1. HP: 14/14 MP: 1/1
    50 | D:1      | Reached XP level 2. HP: 19/19 MP: 2/2
    74 | D:1      | Found a faded altar of an unknown god.
   164 | D:1      | Found Cubroewn's Jewellery Boutique.
   408 | D:1      | Reached XP level 3. HP: 24/24 MP: 3/3
   873 | D:2      | Found a stormy altar of Qazlal.
  1047 | D:2      | Found Bodu's Weapon Shop.
  1593 | D:3      | Identified the +0 helmet of an ice cave {Int+3}
  1593 | D:3      | Noticed Robin
  1611 | D:3      | Reached XP level 4. HP: 20/29 MP: 4/4
  1616 | D:3      | Killed Robin
  2768 | D:4      | Found a runed translucent gate.
  2768 | D:4      | Found a runed translucent gate.
  2806 | D:4      | Reached XP level 5. HP: 26/33 MP: 5/5
  2913 | D:4      | Found a hazy altar of Hepliaklqana.
  2937 | D:4      | Found a runed translucent gate.
  3109 | D:4      | Reached XP level 6. HP: 37/38 MP: 6/6
  3443 | D:4      | Identified the +0 ring mail of the Trees {Dex+3 Stlth+}
  3773 | D:4      | Noticed andwaal's ghost (novice DsMo)
  3773 | D:4      | Noticed MrAu's ghost (novice FoFi)
  3795 | D:5      | Entered Level 5 of the Dungeon
  3879 | D:5      | Reached skill level 1 in Dodging
  3879 | D:5      | Reached XP level 7. HP: 35/44 MP: 7/7
  4028 | D:5      | Reached skill level 5 in Shields
  4109 | D:5      | Found an iron altar of Okawaru.
  4121 | D:5      | Reached skill level 5 in Maces & Flails
  4141 | D:5      | Became a worshipper of Warmaster Okawaru
  4546 | D:6      | Noticed a two-headed ogre
  4597 | D:6      | Found a staircase to the Ecumenical Temple.
  4878 | D:6      | Demolished by a two-headed ogre

Illustrated notes

Levels and vault maps discovered:
D:1:      mrwooster_arrival_statue_3, layout_basic, serial_shops,
          nicolae_shop_window_shopping, hellmonk_ecumenical_altar_prayer_group
D:2:      layout_basic, basic_altar, serial_shops, shop
D:3:      layout_loops_corners, uniq_robin
D:4:      layout_basic, mainiacjoe_overflow_boulevard, gammafunk_ghost_cemetery
D:5:      layout_loops_ring, okawaru_ov_weapons_minmay, kennysheep_path_1
D:6:      layout_gridville, minmay_temple_entry_slanted

Skill      XL: |  1  2  3  4  5  6  7 |
---------------+----------------------+-----
Maces & Flails | 3 4 5 |  5.5
Fighting       | 4 |  4.7
Armour         | 4 |  4.7
Shields        | 4 5 |  5.5
Dodging        | 1 |  1.5

Action                     |  1- 3 |  4- 6 |  7- 9 || total
---------------------------+-------+-------+-------++-------
  Melee: Flail             |   138 |   218 |    72 ||   428
  Throw: Dart              |       |       |     2 ||     2
 Armour: Scale mail        |    96 |    84 |    44 ||   224
  Dodge: Dodged            |    66 |    53 |    22 ||   141
  Block: Buckler           |    34 |    10 |       ||    44
         Tower shield      |       |   121 |    54 ||   175

Table legend: (Time is in decaauts)
 A = Elapsed time spent in this place.
 B = Non-inter-level travel time spent in this place.
 C = Inter-level travel time spent in this place.
 D = Time resting spent in this place.
 E = Time spent auto-exploring this place.
 F = Levels seen in this place.
 G = Mean time per level.
                   A        B        C        D        E       F      G
               +--------+--------+--------+--------+--------+-----+--------+
         Total |   5039 |   4764 |    275 |    199 |   3525 |   6 |  839.8 |
       Dungeon |   5039 |   4764 |    275 |    199 |   3525 |   6 |  839.8 |
               +--------+--------+--------+--------+--------+-----+--------+

Top non-repeatable levels by time:
     D:3: 1182 daAuts
     D:4: 1068 daAuts
     D:5: 899 daAuts
     D:2: 888 daAuts
     D:1: 783 daAuts
     D:6: 216 daAuts
